 Dungeon Crawl Stone Soup version 0.23.0 (webtiles) character file.

Game seed: 8314231091226459402

21736 Delanovic the Cruncher (level 12, -7/81 HPs)
             Began as a Gargoyle Gladiator on Feb 16, 2019.
             Was a Priest of Ru.
             Mangled by a phantasmal warrior (23 damage)
             ... led by a death knight
             ... on level 12 of the Dungeon.
             The game lasted 00:46:53 (18472 turns).

Delanovic the Cruncher (Gargoyle Gladiator)        Turns: 18472, Time: 00:46:53

Health: -7/81      AC: 31    Str: 19    XL:     12   Next: 93%
Magic:  12/12      EV:  9    Int:  9    God:    Ru [***...]
Gold:   357        SH:  0    Dex: 15    Spells: 11/11 levels left

rFire    . . .     SeeInvis .   H - +7 quarterstaff "Jiclaul" {crush, rElec}
rCold    . . .     Gourm    .   (shield currently unavailable)
rNeg     + + .     Faith    .   L - +1 plate armour {MR+}
rPois    ∞         Spirit   .   c - +1 helmet
rElec    +         Reflect  .   J - +2 cloak {MR+}
rCorr    .         Harm     .   F - +0 pair of gloves
MR       +....                  (no boots)
Stlth    ..........             (no amulet)
HPRegen  0.23/turn              B - ring of stealth
MPRegen  0.13/turn              I - ring of positive energy

@: vulnerable, very slightly contaminated
A: negative energy resistance 1, electricity resistance, unbreathing,
petrification resistance, rot immunity, no charms magic, no fire magic, no
necromancy magic, unskilled 1, AC +8
a: Draw Out Power, Renounce Religion


You were on level 12 of the Dungeon.
You worshipped Ru.
Ru was most pleased with you.
You were not hungry.

You visited 2 branches of the dungeon, and saw 13 of its levels.
You also visited: Ossuary and Gauntlet.

You collected 591 gold pieces.
You spent 234 gold pieces at shops.

Inventory:

Hand Weapons
 a - a +0 quarterstaff
 H - the +7 quarterstaff "Jiclaul" (weapon) {crush, rElec}
   (You bought it in a shop on level 11 of the Dungeon)

   It inflicts extra damage upon your enemies.
   It insulates you from electricity.
Missiles
 d - 2 throwing nets (quivered)
 h - 7 silver tomahawks
 q - 440 stones
Armour
 c - a +1 helmet (worn)
 l - a +0 chain mail
 y - a +0 cloak
 F - a +0 pair of gloves (worn)
 J - a +2 cloak of magic resistance (worn)
 L - a +1 plate armour of magic resistance (worn)
Jewellery
 w - the ring "Socoesuk" {+Blink rC+ Dex+6 Slay-6}
   (You found it on level 6 of the Dungeon)

   [ring of protection from cold]

   It affects your dexterity (+6).
   It affects your accuracy and damage with ranged weapons and melee attacks
   (-6).
   It protects you from cold.
   It lets you blink.
 B - a ring of stealth (left hand)
 I - a ring of positive energy (right hand)
 K - a +1 ring of protection
 M - an uncursed amulet of regeneration {unknown}
Wands
 k - a wand of iceblast (8)
 z - a wand of polymorph (3)
 N - a wand of scattershot (5)
Scrolls
 b - a scroll of holy word
 e - 5 scrolls of teleportation
 i - a scroll of enchant armour
 j - 2 scrolls of magic mapping
 m - 6 scrolls of remove curse
 o - 2 scrolls of fear
 p - 3 scrolls of enchant weapon
 s - 4 scrolls of blinking
 t - 3 scrolls of amnesia
 u - 2 scrolls of random uselessness
 v - 5 scrolls of fog
 x - 2 scrolls of identify
 C - 3 scrolls of immolation
Potions
 r - 2 potions of flight
 A - 2 potions of brilliance
 D - a potion of magic
 E - a potion of mutation
 G - a potion of might
Miscellaneous
 g - a lamp of fire (inert)
Comestibles
 f - 15 rations
 O - 4 chunks of flesh


   Skills:
 + Level 11.8 Fighting
 + Level 12.2 Staves
 - Level 1.5 Throwing
 + Level 10.0 Armour
 - Level 5.3 Dodging


You had 11 spell levels left.
You didn't know any spells.
Your spell library contained the following spells:

 Spells                   Type           Power        Failure   Level  Hunger
 Confusing Touch          Hex            #.....       100%        1    ##.....
 Magic Dart               Conj           #...         100%        1    ##.....
 Sandblast                Erth           #.....       100%        1    ##.....
 Summon Small Mammal      Summ           #...         100%        1    ##.....
 Blink                    Tloc           N/A          100%        2    ###....
 Call Imp                 Summ           #.......     100%        2    ###....
 Passwall                 Tmut/Erth      #.......     100%        2    ###....
 Slow                     Hex            #.......     100%        2    ###....
 Call Canine Familiar     Summ           #.......     100%        3    ####...
 Confuse                  Hex            #.......     100%        3    ####...
 Gell's Gravitas          Tloc           #.........   100%        3    ####...
 Mephitic Cloud           Conj/Pois/Air  #.......     100%        3    ####...
 Stone Arrow              Conj/Erth      #.....       100%        3    ####...
 Summon Guardian Golem    Hex/Summ       #.......     100%        3    ####...
 Leda's Liquefaction      Hex/Erth       #.........   100%        4    #####..
 Petrify                  Tmut/Erth      #.......     100%        4    #####..
 Summon Ice Beast         Ice/Summ       #.......     100%        4    #####..
 Summon Lightning Spire   Summ/Air       #.......     100%        4    #####..
 Lee's Rapid Deconstruct  Erth           #.........   100%        5    ######.
 Metabolic Englaciation   Hex/Ice        #.........   100%        5    ######.
 Yara's Violent Unravell  Hex/Tmut       #.........   100%        5    ######.
 Iron Shot                Conj/Erth      #.........   100%        6    #######
 Shatter                  Erth           #.........   100%        9    #######
 Flame Tongue             Conj/Fire      Unusable     N/A         1    N/A
 Throw Flame              Conj/Fire      Unusable     N/A         2    N/A
 Conjure Flame            Conj/Fire      Unusable     N/A         3    N/A
 Inner Flame              Hex/Fire       Unusable     N/A         3    N/A
 Sticky Flame             Conj/Fire      Unusable     N/A         4    N/A
 Bolt of Magma            Conj/Fire/Erth Unusable     N/A         5    N/A
 Fireball                 Conj/Fire      Unusable     N/A         5    N/A
 Statue Form              Tmut/Erth      Unusable     N/A         6    N/A

Dungeon Overview and Level Annotations

Branches:
Dungeon (12/15)            Temple (1/1) D:7            Lair (0/6) D:8
    Orc (0/2) D:9

Altars:
Ashenzari
Cheibriados
Dithmenos
Fedhas
Gozag
Kikubaaqudgha
Makhleb
Qazlal
Ru
Sif Muna
Vehumet
Xom
Yredelemnul
The Shining One
Beogh

Shops:
D:8 :[   D:10 (   D:11 (=[(

Annotations:
D:8 3 runed translucent doors


Innate Abilities, Weirdness & Mutations

You are resistant to torment.
Your stone body is resilient. (AC +8)
You are immune to poison.
You resist negative energy. (rN+)
You are resistant to electric shocks. (rElec)
You can survive without breathing.
You are immune to petrification.
You are immune to rotting.
You cannot study or cast Charms magic.
You cannot study or cast Fire magic.
You cannot study or cast Necromancy magic.
You are somewhat unskilled. (-1 Apt)


Message History

The freezing wraith hits you but does no damage.
The freezing wraith closely misses you. The phantasmal warrior hits you!
* * * LOW HITPOINT WARNING * * *
You focus your will and blind the phantasmal warrior in retribution!
Blink to where?
Press: ? - help, Dir - move target cursor You are very lightly contaminated with residual magic.
As you read the scroll of blinking, it crumbles to dust.
The phantasmal warrior is no longer blind.
You redirect the phantasmal warrior's attack!
You feel yourself speed up.
You redirect the phantasmal warrior's attack!
The phantasmal warrior blinks!
Okay, then.
Okay, then.
The phantasmal warrior blinks!
You hit the phantasmal warrior but do no damage.
The phantasmal warrior is severely damaged.
The phantasmal warrior hits you!!
You die...

#..# #.........................
#..# #.........................
#..# #..÷......................
#..# #..))...÷.................
##..####...).........W...........
(................................
..............[..................
.................################
.....†.######..W@# #####))#
#....# #÷.# #....# #..# #....#
#..# #....# #####..#
#....################
.......######....(...............
..............................)..
......................#######...#


You could see a phantasmal warrior.

Vanquished Creatures
  A minotaur (Gauntlet)
  A centaur warrior (D:11)
  3 two-headed ogres
  3 sixfirhies (Gauntlet)
  An unseen horror (D:12)
  A swamp dragon (D:11)
  A cyclops (D:12)
  2 manticores
  An ice statue (Gauntlet)
  2 gargoyles
  2 rime drakes (Gauntlet)
  3 hornets
  A raiju (Gauntlet)
  4 hippogriffs
  2 shadows
  18 yaks
  A steam dragon (Gauntlet)
  4 vampire mosquitoes (D:12)
  3 wargs (D:8)
  2 soldier ants
  2 water moccasins (D:8)
  An ice beast (D:6)
  5 orc warriors
  A hornet zombie (D:12)
  3 phantoms
  3 sky beasts
  An eye of draining (D:12)
  4 ogres
  16 centaurs
  2 crocodiles
  2 big kobolds
  4 bullfrogs
  2 scorpions
  14 killer bees
  12 wights
  4 howler monkeys
  3 crimson imps
  A lava snake (D:8)
  A bullfrog zombie (D:5)
  2 bullfrog skeletons
  3 hounds
  2 jellies
  2 centaur zombies
  A gnoll shaman (D:2)
  A human zombie (Ossuary)
  10 orc priests
  3 centaur skeletons
  2 iguanas
  13 orc wizards
  7 worker ants
  A hound skeleton (D:7)
  3 mummies (Ossuary)
  A worker ant zombie (D:9)
  Robin (D:2)
  2 howler monkey skeletons
  5 gnolls (D:2)
  14 adders
  A shadow imp (D:11)
  2 oozes
  An adder zombie (D:5)
  2 worms
  4 dart slugs
  5 leopard geckos
  52 orcs
  2 ball pythons
  7 bats
  10 giant cockroaches
  A gnoll zombie (Ossuary)
  14 goblins
  7 hobgoblins
  12 jackals
  16 kobolds
  5 quokkas
  7 frilled lizards
  A goblin zombie (Ossuary)
  2 hobgoblin zombies (Ossuary)
  A jackal zombie (D:5)
  2 kobold zombies (Ossuary)
  2 quokka skeletons
  11 rats
  A rat zombie (D:7)
378 creatures vanquished.

Vanquished Creatures (others)
  A troll (D:11)
  21 demonic plants (Gauntlet)
22 creatures vanquished.

Grand Total: 400 creatures vanquished

Notes
Turn   | Place    | Note
-------+----------+-------------------------------------------
     0 | D:1      | Delanovic the Gargoyle Gladiator began the quest for the
                  | Orb.
     0 | D:1      | Reached XP level 1. HP: 12/12 MP: 1/1
    92 | D:1      | Reached XP level 2. HP: 17/17 MP: 2/2
   447 | D:1      | Reached skill level 4 in Staves
   452 | D:1      | Reached XP level 3. HP: 21/21 MP: 3/3
  1043 | D:2      | Reached XP level 4. HP: 26/26 MP: 4/4
  1057 | D:2      | Reached skill level 5 in Staves
  1075 | D:2      | Reached XP level 5. HP: 24/30 MP: 5/5
  1345 | D:2      | Noticed Robin
  1367 | D:2      | Killed Robin
  1367 | D:2      | Reached skill level 6 in Staves
  2101 | D:3      | Reached XP level 6. HP: 18/35 MP: 6/6
  3114 | D:3      | Found a deep blue altar of Sif Muna.
  3234 | D:4      | Reached skill level 7 in Staves
  3259 | D:3      | Reached XP level 7. HP: 22/41 MP: 7/7
  4605 | D:5      | Entered Level 5 of the Dungeon
  5177 | D:5      | Reached XP level 8. HP: 43/48 MP: 8/8
  5401 | D:5      | Reached skill level 8 in Staves
  5416 | D:5      | Reached skill level 5 in Fighting
  5955 | D:6      | Found an opulent altar of Gozag.
  5980 | D:6      | Got a vibrating marble ring
  5987 | D:6      | Identified the ring "Socoesuk" {+Blink rC+ Dex+6 Slay-6}
                  | (You found it on level 6 of the Dungeon)
  6642 | D:7      | Noticed a hippogriff
  6654 | D:7      | Killed a hippogriff
  6723 | D:7      | Found a staircase to the Ecumenical Temple.
  6732 | Temple   | Entered the Ecumenical Temple
  6765 | Temple   | Became a worshipper of Ru the Awakened
  6797 | D:7      | Found a sand-covered staircase.
  6807 | Ossuary  | Entered an ossuary
  6887 | Ossuary  | Reached skill level 5 in Dodging
  7039 | Ossuary  | Reached XP level 9. HP: 55/55 MP: 9/9
  7164 | D:7      | Found a stormy altar of Qazlal.
  7363 | D:7      | HP: 3/82 [orc warrior/+0 war axe (4)]
  7879 | D:7      | Found a blossoming altar of Fedhas.
  7906 | D:7      | Reached skill level 9 in Staves
  8945 | D:8      | Reached skill level 1 in Armour
  8953 | D:8      | Found a staircase to the Lair.
  9291 | D:7      | Gained mutation: You are somewhat unskilled. (-1 Apt) [Ru
                  | sacrifice]
  9291 | D:7      | Reduced skill Staves to level 8
  9291 | D:7      | Reached * piety under Ru
  9709 | D:8      | Found a runed translucent gate.
  9709 | D:8      | Found a runed translucent gate.
  9710 | D:8      | Found a runed translucent gate.
  9711 | D:8      | Noticed a green ugly thing
  9712 | D:8      | Noticed a green ugly thing
  9714 | D:8      | Noticed a white ugly thing
  9715 | D:8      | Noticed a brown ugly thing
  9734 | D:8      | Noticed a two-headed ogre
  9762 | D:8      | Killed a two-headed ogre
  9762 | D:8      | Reached skill level 9 in Staves
  9762 | D:8      | Reached XP level 10. HP: 38/64 MP: 10/10
 10004 | D:8      | Found Wack's Book Shoppe.
 10023 | D:8      | Found Jequihat's Armour Shoppe.
 10727 | D:8      | Found a shadowy altar of Dithmenos.
 10728 | D:8      | Found a shattered altar of Ashenzari.
 10732 | D:8      | Found a snail-covered altar of Cheibriados.
 11234 | D:9      | Found a staircase to the Orcish Mines.
 11530 | D:9      | Found a roughly hewn altar of Beogh.
 11631 | D:9      | Noticed a gargoyle
 11644 | D:9      | Killed a gargoyle
 11701 | D:9      | Reached skill level 5 in Armour
 11879 | D:9      | Reached skill level 10 in Staves
 12052 | D:9      | Noticed a two-headed ogre
 12316 | D:9      | Killed a two-headed ogre
 12316 | D:9      | Reached XP level 11. HP: 57/71 MP: 11/11
 12450 | D:10     | Entered Level 10 of the Dungeon
 12780 | D:10     | Found Jokaabb's Weapon Boutique.
 13758 | D:11     | Noticed a centaur warrior
 13794 | D:11     | Killed a centaur warrior
 14491 | D:11     | Reached skill level 10 in Fighting
 14805 | D:11     | Reached skill level 11 in Staves
 14825 | D:11     | Noticed a manticore
 14838 | D:11     | Killed a manticore
 14847 | D:11     | Noticed a two-headed ogre
 14866 | D:11     | Noticed a swamp dragon
 14866 | D:11     | a two-headed ogre changed into a swamp dragon
 15164 | D:11     | Killed a swamp dragon
 15436 | D:11     | Found Enaneerch's Weapon Shop.
 15437 | D:11     | Found Paty's Armour Shop.
 15437 | D:11     | Found Haluhefo's Antique Weapon Shop.
 15601 | D:11     | Found Iggahycw's Jewellery Shop.
 15609 | D:11     | Reached XP level 12. HP: 66/78 MP: 12/12
 15736 | D:11     | Bought a steaming quarterstaff for 234 gold pieces
 15736 | D:11     | Identified the +7 quarterstaff "Jiclaul" {crush, rElec}
                  | (You bought it in a shop on level 11 of the Dungeon)
 16152 | D:12     | Found a gate leading to a gauntlet.
 16432 | D:12     | Noticed a two-headed ogre
 16446 | D:12     | Killed a two-headed ogre
 16548 | Gauntlet | Entered a Gauntlet
 16548 | Gauntlet | Found a transporter.
 16558 | Gauntlet | Found a transporter.
 16573 | Gauntlet | Found a transporter.
 16578 | Gauntlet | Found a transporter.
 16608 | Gauntlet | Found a transporter.
 16756 | Gauntlet | Found a transporter.
 16757 | Gauntlet | Found a transporter.
 16770 | Gauntlet | Found a transporter.
 16774 | Gauntlet | Identified the ring of Exhibitionism {rF+ rC+ MR+ EV+2
                  | Str-5}
 16774 | Gauntlet | Noticed a balrug
 16790 | Gauntlet | Found a transporter.
 16798 | Gauntlet | Found a transporter.
 16799 | Gauntlet | Found a transporter.
 17562 | Gauntlet | Found a transporter.
 17578 | Gauntlet | Found a transporter.
 17594 | Gauntlet | Reached skill level 12 in Staves
 17792 | Gauntlet | Noticed a catoblepas
 17792 | Gauntlet | Found a transporter.
 17801 | Gauntlet | Noticed a minotaur
 17811 | Gauntlet | Killed a minotaur
 18006 | Gauntlet | Found a transporter.
 18231 | D:12     | Gained mutation: You cannot study or cast Fire magic. [Ru
                  | sacrifice]
 18231 | D:12     | Gained mutation: You cannot study or cast Necromancy magic.
                  | [Ru sacrifice]
 18231 | D:12     | Gained mutation: You cannot study or cast Charms magic. [Ru
                  | sacrifice]
 18231 | D:12     | Reached ** piety under Ru
 18231 | D:12     | Reached *** piety under Ru
 18447 | D:12     | Reached skill level 10 in Armour
 18472 | D:12     | Mangled by a phantasmal warrior

Skill      XL: |  1  2  3  4  5  6  7  8  9 10 11 12 |
---------------+-------------------------------------+-----
Staves         | 4 5 6 7 8 9 10 11 12 | 12.2
Fighting       | 3 4 6 7 9 10 11 | 11.8
Dodging        | 3 5 |  5.3
Armour         | 3 6 8 10 | 10.0
Throwing       | |  1.5

Action                   |  1- 3 |  4- 6 |  7- 9 | 10-12 || total
-------------------------+-------+-------+-------+-------++-------
Melee: Quarterstaff      |   132 |   228 |   607 |   991 ||  1958
Throw: Throwing net      |       |     1 |     4 |     2 ||     7
Invok: Sacrifice Skill   |       |       |     1 |       ||     1
       Reject Sacrifices |       |       |       |     1 ||     1
       Sacrifice Arcana  |       |       |       |     1 ||     1
Evoke: Wand              |       |       |     3 |    16 ||    19
       Lamp of fire      |       |       |       |     1 ||     1
  Use: Potion            |       |     1 |    10 |     3 ||    14
       Scroll            |       |       |    17 |     5 ||    22
 Stab: Held in net/web   |       |     1 |     4 |       ||     5
       Invisible         |       |       |     3 |       ||     3
       Distracted        |       |       |       |     1 ||     1
  Eat: Chunk             |       |     7 |    11 |    22 ||    40
       Ration            |       |       |     3 |     2 ||     5
Armor: Leather armour    |    29 |       |       |       ||    29
       Chain mail        |    43 |   144 |   266 |   550 ||  1003
       Ring mail         |       |       |    49 |       ||    49
       Skin              |       |       |     6 |       ||     6
       Plate armour      |       |       |       |    52 ||    52
Dodge: Dodged            |    96 |    63 |   233 |   381 ||   773
